 Dungeon Crawl Stone Soup version 0.26.0-10-g1f06aea511 (webtiles) character file.

Game seed: 7183894730458732976

371 inmateoo the Covert (level 6, -7/48 HPs)
             Began as a Vampire Delver on Feb 3, 2021.
             Killed by nerve-wracking pain
             ... invoked by a shadow imp
             ... summoned by Eustachio
              (14 damage)
             ... on level 4 of the Dungeon.
             The game lasted 00:05:43 (3085 turns).

inmateoo the Covert (Vampire Delver)                Turns: 3085, Time: 00:05:44

Health: -7/48      AC:  5    Str: 11    XL:     6   Next: 42%
Magic:  6/6        EV: 13    Int: 13    God:
Gold:   27         SH:  5    Dex: 17    Spells: 5/5 levels left

rFire    . . .     SeeInvis +   B - +2 war axe (freeze)
rCold    . . .     Faith    .   x - +0 buckler
rNeg     . . .     Spirit   .   b - +0 leather armour
rPois    .         Reflect  .   (no helmet)
rElec    .         Harm     .   (no cloak)
rCorr    .         Rampage  .   (no gloves)
Will     +....                  m - +1 pair of boots
Stlth    +++++.....             (no amulet)
HPRegen  0.36/turn              h - ring of stealth
MPRegen  0.10/turn              r - ring of willpower

@: regenerating quickly
A: fangs 3, see invisible, unbreathing
a: Exsanguinate


You were on level 4 of the Dungeon.
You visited 1 branch of the dungeon, and saw 5 of its levels.

You collected 171 gold pieces.
You spent 144 gold pieces at shops.

Inventory:

Hand Weapons
 y - a +2 vampiric dagger
 B - a +2 war axe of freezing (weapon)
Missiles
 k - 5 boomerangs (quivered)
 p - 116 stones
Armour
 b - a +0 leather armour (worn)
 m - a +1 pair of boots (worn)
 x - a +0 buckler (worn)
Jewellery
 h - a ring of stealth (left hand)
 n - an uncursed ring of wizardry
 r - a ring of willpower (right hand)
 s - an uncursed ring of flight
Wands
 g - a wand of digging (1)
Scrolls
 c - a scroll of fog
 d - 3 scrolls of magic mapping
 i - 2 scrolls of identify
 q - 2 scrolls of remove curse
 z - 2 scrolls of teleportation
Potions
 l - 3 potions of heal wounds
 t - a potion of brilliance
 v - a potion of attraction
 A - a potion of haste


   Skills:
 + Level 3.7 Fighting
 - Level 2.1 Short Blades
 + Level 3.7 Dodging
 - Level 10.0 Stealth
 + Level 2.2 Shields


You had 5 spell levels left.
You didn't know any spells.
Your spell library was empty.

Dungeon Overview and Level Annotations

Branches:
Dungeon (5/15)
 Temple: D:4-7

Altars:
Qazlal
The Shining One

Shops:
D:4 ?(

Annotations:
D:4 Eustachio
D:5 exclusion: worker ant


Innate Abilities, Weirdness & Mutations

Your natural rate of healing is unusually fast.
You have razor-sharp teeth.
You have supernaturally acute eyesight. (SInv)
You can survive without breathing.


Message History

* * * LOW HITPOINT WARNING * * *
The quasit bites you but does no damage.
The quasit closely misses you.
The quasit claws you but does no damage.
The quokka barely misses you. Eustachio closely misses you.
The shadow imp misses you.
You barely miss Eustachio. You bite Eustachio, but do no damage.
Eustachio is almost dead.
You hit the quokka. You freeze the quokka. You hit the shadow imp.
You barely miss the quasit. The quasit closely misses you.
The quasit barely misses you. You block the quasit's attack.
The quokka misses you.
Eustachio hits you with a cursed -2 rapier.
* * * LOW HITPOINT WARNING * * *
The quasit closely misses you. You block the quasit's attack.
The quasit claws you but does no damage.
The quokka closely misses you. The shadow imp gestures at you.
Pain shoots through your body!
You die...

.##....#.....#
.##....#.....#
.###...#.....##### .#
#...#.........# .#
#...#.........# .#
#...#.........########... .#
#..>.........b'.........#
.############..5@#########+#
......... #.r5@# ########.
#...r# .......# ######
######.# .......# .#######
.# .# .#


You could see Eustachio, a quasit (summoned), a shadow imp (summoned), 2 quokkas
and a bat (summoned).

Vanquished Creatures
  A scorpion (D:4)
  A hound (D:4)
  3 orc wizards
  2 worker ants (D:4)
  A river rat (D:3)
  7 adders
  2 dart slugs
  6 leopard geckos
  10 orcs
  8 bats
  7 giant cockroaches
  A goblin (D:1)
  8 hobgoblins
  2 jackals (D:4)
  4 quokkas
  A ball python (D:1)
  3 frilled lizards
  5 kobolds
  11 rats
83 creatures vanquished.

Notes
Turn   | Place    | Note
-------+----------+-------------------------------------------
     0 | D:5      | inmateoo the Vampire Delver began the quest for the Orb.
     0 | D:5      | Reached XP level 1. HP: 17/17 MP: 1/1
     9 | D:5      | Noticed a worker ant
   171 | D:4      | Noticed a hound
   171 | D:4      | Noticed an orc wizard
   176 | D:4      | Noticed a worker ant
   221 | D:4      | Reached skill level 8 in Stealth
   221 | D:4      | Reached XP level 2. HP: 23/23 MP: 2/2
   298 | D:4      | Found Tebarolu's Weapon Shop.
   558 | D:1      | Reached XP level 3. HP: 28/28 MP: 3/3
   677 | D:1      | Reached skill level 9 in Stealth
  1400 | D:2      | Reached XP level 4. HP: 34/34 MP: 4/4
  2144 | D:3      | Reached skill level 1 in Shields
  2144 | D:3      | Reached XP level 5. HP: 41/41 MP: 5/5
  2178 | D:3      | Found a stormy altar of Qazlal.
  2216 | D:3      | Found a glowing golden altar of the Shining One.
  2502 | D:4      | Reached skill level 10 in Stealth
  2599 | D:4      | Found Qerghogio's Magic Scroll Emporium.
  2607 | D:4      | Bought a scroll of identify for 24 gold pieces
  2607 | D:4      | Bought a scroll of magic mapping for 42 gold pieces
  2607 | D:4      | Bought a scroll of magic mapping for 42 gold pieces
  2607 | D:4      | Bought a scroll of teleportation for 36 gold pieces
  2634 | D:4      | Reached XP level 6. HP: 44/47 MP: 6/6
  2986 | D:4      | Noticed Eustachio
  3085 | D:4      | Killed from afar by a shadow imp

Illustrated notes

Levels and vault maps discovered:
D:1:      wander_arrival_lonely_grave, layout_basic, serial_forest,
          infiniplex_forest_clump_diagonal, infiniplex_forest_end_double,
          infiniplex_forest_end_1, infiniplex_forest_lined_room_2,
          infiniplex_forest_clump_curved, infiniplex_forest_lined_3,
          infiniplex_forest_lined_4_way, infiniplex_forest_clump_medium,
          infiniplex_forest_end_double, infiniplex_forest_end_1
D:2:      layout_basic
D:3:      layout_basic, tso_oasis_becter, grunt_qazlal_clouds,
          portal_sewer_entry_e, st_stairs_14
D:4:      layout_basic, zin_angel, enter_ossuary_1, serial_shops, shop, shop,
          uniq_eustachio
D:5:      layout_gridville, tgw_fedhas

Skill      XL: |  1  2  3  4  5  6 |
---------------+-------------------+-----
Stealth        | 8 9 10 | 10.0
Fighting       | 3 |  3.7
Shields        | 1 2 |  2.2
Dodging        | 3 |  3.7
Short Blades   | |  2.1

Action                   |  1- 3 |  4- 6 || total
-------------------------+-------+-------++-------
Melee: Short sword       |   119 |       ||   119
       Bite              |     9 |    34 ||    43
       Dagger            |    17 |   313 ||   330
       Unarmed           |       |    43 ||    43
       War axe           |       |    24 ||    24
Throw: Boomerang         |     2 |       ||     2
Evoke: Wand              |     2 |       ||     2
  Use: Scroll            |     1 |    12 ||    13
       Potion            |     1 |     1 ||     2
 Stab: Sleeping          |    13 |    13 ||    26
Armor: Leather armour    |    37 |    74 ||   111
       Skin              |       |    81 ||    81
Dodge: Dodged            |    83 |   200 ||   283
Block: Buckler           |     2 |    90 ||    92
